 Dungeon Crawl Stone Soup version 0.30.1-11-g7821555f0a (webtiles) character file.

Game seed: 684913503049366896

1473 Wiggles the Cleaver (level 8, -1/71 HPs)
             Began as a Minotaur Berserker on Dec 15, 2023.
             Was a Priest of Trog.
             Slain by a sleepcap (20 damage)
             ... on level 6 of the Dungeon.
             The game lasted 00:07:29 (4214 turns).

Wiggles the Cleaver (Minotaur Berserker)            Turns: 4214, Time: 00:07:29

Health: -1/71      AC: 12    Str: 23    XL:     8   Next: 49%
Magic:  7/7        EV:  2    Int:  4    God:    Trog [***...]
Gold:   217        SH:  0    Dex: 11    Spells: 7/7 levels left

rFire   . . .        a - +0 hand axe
rCold   . . .        (no shield)
rNeg    . . .        s - +0 chain mail
rPois   .            (helmet restricted)
rElec   .            (no cloak)
rCorr   .            l - +0 pair of gloves
SInv    .            d - +0 pair of boots
Will    +....        (no amulet) Stlth
                     t - ring of willpower
HPRegen 0.31/turn    (no ring)
MPRegen 0.10/turn

%: no passive effects
@: sleeping
A: horns 2, retaliatory headbutt
a: Renounce Religion, Berserk, Trog's Hand


You were on level 6 of the Dungeon.
You worshipped Trog.
Trog was most pleased with you.
You visited 1 branch of the dungeon, and saw 6 of its levels.

You collected 217 gold pieces.

Inventory:

Hand Weapons
 a - a +0 hand axe (weapon)
Missiles
 i - a throwing net (quivered)
Armour
 d - a +0 pair of boots (worn)
 l - a +0 pair of gloves (worn)
 s - a +0 chain mail (worn)
Jewellery
 t - a ring of willpower (left hand)
Scrolls
 b - 2 scrolls of vulnerability {unknown}
 h - 8 scrolls of identify {unknown}
 j - 2 scrolls of poison {unknown}
 k - 2 scrolls of teleportation {unknown}
 n - a scroll of noise {unknown}
 o - a scroll of enchant weapon {unknown}
 p - 2 scrolls of torment {unknown}
 q - a scroll of brand weapon {unknown}
Potions
 c - 2 potions of haste {unknown}
 e - a potion of attraction {unknown}
 f - a potion of berserk rage {unknown}
 g - a potion of brilliance {unknown}
 m - 2 potions of curing {unknown}
 r - a potion of heal wounds {unknown}


   Skills:
 + Level 6.5 Fighting
 + Level 9.0 Axes
 + Level 6.4 Armour
 + Level 4.7 Dodging
 + Level 1.2 Stealth


You had 7 spell levels left.
You didn't know any spells.
Your spell library was empty.

Dungeon Overview and Level Annotations

Branches:
Dungeon (6/15)
 Temple: D:4-7

Altars:
Cheibriados
Gozag
Wu Jian

Shops:
D:2 ![!*


Innate Abilities, Weirdness & Mutations

You have a pair of horns on your head.
You reflexively headbutt those who attack you in melee.


Message History

You hit the iguana. You barely miss the iguana. The iguana closely misses you.
You furiously retaliate!
You headbutt the iguana.
You kill the iguana!
Trog accepts your kill.
The iguana bites you but does no damage.
Your Axes skill increases to level 9!
The iguana attacks as you move away! The iguana barely misses you.
Things that are here:
a +0 shortbow; a centaur corpse The sleepcap attacks as you move away!
The sleepcap barely misses you.
You barely miss the iguana. Your headbutt misses the iguana.
You hit the sleepcap but do no damage. The iguana bites you.
The sleepcap releases spores at you but does no damage.
You closely miss the iguana. You hit the sleepcap.
You hit the iguana but do no damage. You hit the sleepcap but do no damage.
The iguana closely misses you. You furiously retaliate!
You headbutt the iguana. The sleepcap releases spores at you.
You hit the iguana. You headbutt the iguana.
The iguana is almost dead.
You hit the sleepcap.
The iguana bites you but does no damage.
The sleepcap closely misses you.
You slash the iguana!
You kill the iguana!
Trog accepts your kill.
You hit the sleepcap. The sleepcap barely misses you.
The sleepcap closely misses you.
Things that are here:
a +0 shortbow; an iguana corpse; a centaur corpse You hit the sleepcap.
The sleepcap is almost destroyed.
The sleepcap closely misses you.
You hit the sleepcap but do no damage.
The sleepcap is almost destroyed.
The sleepcap releases spores at you.
* * * LOW HITPOINT WARNING * * *
You are engulfed in a cloud of soporific spores!
You fall asleep.
The sleepcap releases spores at you!!
You die...

##### ###...
#....## #.#...
###.#.########
####.f..<........
#....@..>.######
#.######..#
#......# #.##.#.#
# #.#... #.####.
#.. .. #.# # ...


You could see a sleepcap.

Vanquished Creatures
  Pikel (D:4)
  A water moccasin (D:5)
  Duvessa (D:4)
  2 ogres
  A centaur (D:6)
  A lemure (D:4)
  A phantom (D:4)
  Dowan (D:4)
  A howler monkey (D:4)
  3 hounds
  A jelly (D:4)
  An orc priest (D:3)
  Natasha (twice) (D:2)
  2 iguanas (D:6)
  7 gnolls (D:5)
  3 adders (D:2)
  4 worms
  A dart slug (D:1)
  5 orcs
  4 endoplasms
  5 giant cockroaches
  12 goblins
  8 hobgoblins
  6 jackals
  6 kobolds
  4 quokkas
  5 ball pythons
  9 bats
  2 frilled lizards
  5 rats
105 creatures vanquished.

Vanquished Creatures (others)
  Robin (D:2)
  A rat (D:1)
2 creatures vanquished.

Grand Total: 107 creatures vanquished

Notes
Turn   | Place    | Note
-------+----------+-------------------------------------------
     0 | D:1      | Wiggles the Minotaur Berserker began the quest for the Orb.
     0 | D:1      | Reached XP level 1. HP: 19/19 MP: 0/0
   168 | D:1      | Reached skill level 4 in Axes
   168 | D:1      | Reached XP level 2. HP: 21/27 MP: 1/1
   663 | D:2      | Found Azoiger's Assorted Antiques.
   677 | D:2      | Noticed Natasha
   684 | D:2      | Killed Natasha
   685 | D:2      | Reached XP level 3. HP: 24/34 MP: 2/2
   798 | D:2      | Found Calafeikk's Antique Armour Boutique.
   816 | D:2      | Found Byxej's Distillery.
   816 | D:2      | Noticed Natasha
   826 | D:2      | Killed Natasha
   826 | D:2      | Reached ** piety under Trog
   827 | D:2      | Reached XP level 4. HP: 32/41 MP: 3/3
   922 | D:2      | Reached skill level 5 in Axes
  1067 | D:2      | Noticed Robin
  1077 | D:2      | Killed Robin
  1127 | D:2      | Found Dovoeth's Distillery.
  1184 | D:2      | Reached XP level 5. HP: 47/47 MP: 4/4
  2011 | D:4      | Noticed Dowan
  2021 | D:4      | Noticed Duvessa
  2032 | D:4      | Killed Dowan
  2032 | D:4      | Reached *** piety under Trog
  2033 | D:4      | Reached skill level 6 in Axes
  2034 | D:4      | Killed Duvessa
  2035 | D:4      | Reached skill level 5 in Fighting
  2035 | D:4      | Reached XP level 6. HP: 7/56 MP: 5/5
  2470 | D:4      | Noticed Pikel
  2488 | D:4      | Killed Pikel
  2489 | D:4      | Reached skill level 7 in Axes
  2489 | D:4      | Reached skill level 5 in Armour
  2489 | D:4      | Reached XP level 7. HP: 52/62 MP: 6/6
  2730 | D:4      | Found an opulent altar of Gozag.
  2990 | D:4      | Reached skill level 8 in Axes
  2990 | D:4      | Reached XP level 8. HP: 70/70 MP: 7/7
  3021 | D:4      | Found an ornate altar of the Wu Jian Council.
  3076 | D:4      | Found a snail-covered altar of Cheibriados.
  3333 | D:5      | Entered Level 5 of the Dungeon
  3507 | D:5      | Identified the +1 flail of Gallantry {heavy, rF+ rC- Int+6
                  | SInv}
  3875 | D:5      | Reached skill level 1 in Stealth
  4204 | D:6      | Reached skill level 9 in Axes
  4214 | D:6      | Slain by a sleepcap

Illustrated notes

Levels and vault maps discovered:
D:1:      mrwooster_arrival_statue, layout_basic, nicolae_figureground_pulse
D:2:      layout_basic, serial_shops, shop, nicolae_shop_real_fake_doors,
          nicolae_shop_getting_attention, shop, uniq_robin, uniq_natasha
D:3:      layout_rooms
D:4:      layout_basic, pdpol_wu_jian_five_deadly_venoms,
          grunt_gozag_breadcrumbs, chei_slow_surprise, uniq_pikel, uniq_duvessa
D:5:      layout_rooms, serial_curves, eino_curves_01, eino_curves_04,
          eino_curves_02, chequers_decorated_corner
D:6:      layout_basic, kennysheep_small_spiral, uniq_prince_ribbit1

Skill      XL: |  1  2  3  4  5  6  7  8 |
---------------+-------------------------+-----
Axes           | 4 5 6 7 8 9 |  9.0
Fighting       | 4 5 6 |  6.5
Armour         | 3 4 5 6 |  6.4
Dodging        | 3 4 |  4.7
Stealth        | 1 |  1.2

Action                     |  1- 3 |  4- 6 |  7- 9 || total
---------------------------+-------+-------+-------++-------
  Melee: Hand axe          |    62 |   159 |    79 ||   300
         Headbutt          |     5 |    21 |    15 ||    41
         Punch             |       |       |     1 ||     1
 Invoke: Berserk           |       |     2 |       ||     2
 Armour: Animal skin       |    17 |       |       ||    17
         Ring mail         |     4 |    73 |     1 ||    78
         Chain mail        |       |       |    34 ||    34
  Dodge: Dodged            |    42 |   109 |    46 ||   197
